 Dungeon Crawl Stone Soup version 0.32-a0-411-g744942f433 (webtiles) character file.

Game seed: 3887988999366440894

63515 greenreed the Fighter (level 14, 0/159 HPs)
             Began as a Yellow Draconian Shapeshifter on Feb 20, 2024.
             Was the Champion of Qazlal.
             Slain by an eight-headed hydra (6 damage)
             ... on level 3 of the Lair of Beasts.
             The game lasted 00:47:13 (15949 turns).

greenreed the Fighter (DrSh)                       Turns: 15949, Time: 00:47:14

Health: 0/159      AC: 13    Str: 27    XL:     14   Next: 68%
Magic:  20/20      EV: 13    Int: 13    God:    Qazlal [******]
Gold:   1907       SH:  8    Dex: 13    Spells: 13/13 levels left

rFire   . .          .
                       - Unarmed
rCold   + + +        (shield currently unavailable)
rNeg    . . .        (body armour unavailable)
rPois   +            (helmet currently unavailable)
rElec   .            s - melded +0 cloak
rCorr   .            (gloves currently unavailable)
SInv    +            o - melded +0 pair of boots
Will    +....        h - amulet of regeneration
Stlth   +            T - ring "Daoriuh" {rPois rC++ Dex+2 Slay+2}
HPRegen 1.26/turn    X - ring of Midnight {rC+ Int+3 SInv}
MPRegen 0.17/turn

%: repel missiles
@: snake-form, protected from physical damage
A: constrict, boosted hp, (spit acid), AC +8, large, unfitting armour, (acidic
bite), (cold-blooded), (acid resistance)
a: Begin Untransformation, Renounce Religion, Upheaval, Elemental Force,
Disaster Area


You were on level 3 of the Lair of Beasts.
You worshipped Qazlal.
Qazlal was exalted by your worship.
You were an enormous serpent.
You visited 3 branches of the dungeon, and saw 20 of its levels.
You also visited: Gauntlet.

You collected 2401 gold pieces.
You spent 494 gold pieces at shops.

Inventory:

Missiles
 L - a curare-tipped dart (quivered)
Armour
 o - a +0 pair of boots (melded)
 s - a +0 cloak (melded)
 U - the +3 pair of seven-league boots {Rampage+∞}
   (You found it in a Gauntlet)

   Rampage+∞: When moving toward enemies, its wearer moves as far as possible,
   alerting their target en route.
 Y - a +1 hat
Jewellery
 h - an amulet of regeneration (around neck)
 i - a +5 ring of evasion
 q - a ring of willpower
 t - a ring of positive energy
 u - an amulet of reflection
 z - a ring of flight
 B - a ring of protection from cold
 E - the ring "Janiom" {rElec Str+6}
   (You took it off a minotaur in a Gauntlet)

   [ring of strength]

   Str+6:     It affects your strength (+6).
   rElec:     It insulates you from electricity.
 F - an amulet of the acrobat
 O - an amulet of guardian spirit
 T - the ring "Daoriuh" (left hand) {rPois rC++ Dex+2 Slay+2}
   (You found it in a Gauntlet)

   [ring of poison resistance]

   Dex+2:     It affects your dexterity (+2).
   Slay+2:    It affects your accuracy & damage with ranged weapons and melee
   (+2).
   rC++:      It greatly protects you from cold.
   rPois:     It protects you from poison
 X - the ring of Midnight (right hand) {rC+ Int+3 SInv}
   (You found it on level 12 of the Dungeon)

   [ring of see invisible]

   Int+3:     It affects your intelligence (+3).
   rC+:       It protects you from cold.
   SInv:      It lets you see invisible.
 Z - a ring of fire
Talismans
 b - a beast talisman
 c - a flux talisman
 k - a serpent talisman (active)
Wands
 x - a wand of flame (75)
 y - a wand of charming (16)
 C - a wand of digging (9)
 G - a wand of mindburst (17)
 H - a wand of iceblast (14)
 K - a wand of polymorph (9)
 Q - a wand of light (10)
Scrolls
 e - 2 scrolls of torment
 f - a scroll of vulnerability {unknown}
 j - 4 scrolls of fear
 l - 3 scrolls of enchant weapon
 n - a scroll of amnesia
 p - 6 scrolls of teleportation
 v - 2 scrolls of fog
 w - 5 scrolls of immolation
 A - a scroll of poison
 D - 5 scrolls of revelation
 J - 5 scrolls of noise
 M - a scroll of silence
 N - a scroll of summoning
 W - a scroll of enchant armour
Potions
 a - 2 potions of lignification
 d - 2 potions of haste
 g - 2 potions of enlightenment
 m - 12 potions of curing
 r - 3 potions of brilliance
 I - 3 potions of cancellation
 P - 2 potions of attraction
 S - 3 potions of might
 V - a potion of invisibility
Miscellaneous
 R - a phantom mirror


   Skills:
 * Level 14.9 Fighting
 + Level 9.3 Dodging
 * Level 13.9 Unarmed Combat
 + Level 8.3 Invocations
 * Level 12.8 Shapeshifting


You had 13 spell levels left.
You didn't know any spells.
Your spell library contained the following spells:

 Spells                   Type           Power      Damage    Failure   Level
 Freeze                   Ice            0%         1d3       30%         1
 Magic Dart               Conj           0%         1d3       30%         1
 Necrotise                Necr           0%         1d4       30%         1
 Shock                    Conj/Air       0%         1d3       30%         1
 Slow                     Hex            0%         N/A       30%         1
 Ensorcelled Hibernation  Hex/Ice        0%         N/A       43%         2
 Searing Ray              Conj           0%         2d4       43%         2
 Confusing Touch          Hex            0%         N/A       67%         3
 Dazzling Flash           Conj/Hex       0%         N/A       67%         3
 Frozen Ramparts          Ice            0%         1d1       67%         3
 Hailstorm                Conj/Ice       0%         3d5       67%         3
 Inner Flame              Hex/Fire       0%         N/A       67%         3
 Passwall                 Erth           0%         N/A       67%         3
 Sigil of Binding         Hex            0%         N/A       67%         3
 Swiftness                Air            0%         N/A       67%         3
 Tukima's Dance           Hex            0%         N/A       67%         3
 Vampiric Draining        Necr           0%         2d6       67%         3
 Volatile Blastmotes      Fire/Tloc      0%         2d10      67%         3
 Airstrike                Air            0%         2d(0-16)  97%         4
 Dimensional Bullseye     Hex/Tloc       0%         N/A       97%         4
 Flame Wave               Conj/Fire      0%         2d4       97%         4
 Fulminant Prism          Conj/Alch      0%         3d5       97%         4
 Iskenderun's Mystic Bla  Conj/Tloc      0%         2d3       97%         4
 Martyr's Knell           Necr/Summ      0%         N/A       97%         4
 Olgreb's Toxic Radiance  Alch           0%         N/A       97%         4
 Sticky Flame             Fire/Alch      0%         2d4       97%         4
 Summon Lightning Spire   Summ/Air       0%         N/A       97%         4
 Curse of Agony           Necr           0%         N/A       100%        5
 Lee's Rapid Deconstruct  Erth           0%         3d4*      100%        5
 Starburst                Conj/Fire      0%         6d3       100%        6
 Ozocubu's Refrigeration  Ice            0%         4d7       100%        7
 Discord                  Hex            0%         N/A       100%        8
 Maxwell's Capacitive Co  Air            0%         ∞         100%        8
 Animate Armour           Summ/Erth      Unusable   N/A       N/A         4

Dungeon Overview and Level Annotations

Branches:
Dungeon (15/15)            Temple (1/1) D:5            Lair (4/5) D:10
 Shoals (0/4) Lair:3       Spider (0/4) Lair:3          Orc (0/2) D:11
 Vaults (0/5) D:14         Depths (0/4) D:15        Gauntlet (visited)
  Slime: Lair:4-5

Altars:
Ashenzari
Cheibriados
Dithmenos
Elyvilon
Fedhas
Gozag
Hepliaklqana
Kikubaaqudgha
Makhleb
Nemelex Xobeh
Okawaru
Qazlal
Ru
Sif Muna
Trog
Uskayaw
Vehumet
Wu Jian
Xom
Yredelemnul
Zin
The Shining One

Shops:
D:4 (   D:6 [   D:8 ?**=*   D:9 (*   D:15 !

Annotations:
D:12 2 transporters, exclusion: obsidian statue


Innate Abilities, Weirdness & Mutations

You are an enormous serpent.
You have a powerful constriction melee attack.
Your maximum health is increased.
Your armour is entirely melded.
You are incapable of wielding weapons or throwing items.
((You can spit globs of acid.))
((Your golden yellow scales are hard. (AC +8)))
You cannot fit into any form of body armour.
((You have acidic saliva.))
((You are cold-blooded and may be slowed by cold attacks.))
((You are resistant to acid. (rCorr)))


Message History

The eight-headed hydra bites you but does no damage.
The eight-headed hydra barely misses you.
You open the door. You constrict the death yak.
The blink frog blinks!
You block the death yak's attack. The death yak gores you!
* * * LOW HITPOINT WARNING * * *
You feel more protected from physical attacks.
The eight-headed hydra bites you.
* * * LOW HITPOINT WARNING * * *
The eight-headed hydra closely misses you. x2
The eight-headed hydra bites you but does no damage.
The eight-headed hydra bites you!
* * * LOW HITPOINT WARNING * * *
You feel more protected from physical attacks.
The eight-headed hydra bites you!
* * * LOW HITPOINT WARNING * * *
The eight-headed hydra bites you!
* * * LOW HITPOINT WARNING * * *
The eight-headed hydra bites you but does no damage.
The death yak is engulfed in freezing vapours.
The death yak barely misses you.
Unknown command.
Unknown command.
Unknown command.
Okay, then.
As you read the scroll of fear, it crumbles to dust.
You assume a fearsome visage.
The death yak looks frightened!
The eight-headed hydra resists with almost no effort.
The blink frog looks frightened!
The death yak resists with almost no effort.
The death yak looks frightened!
You constrict the death yak.
The death yak is engulfed in blazing flames.
The blink frog blinks!
The death yak struggles to escape constriction.
The death yak is engulfed in freezing vapours.
The death yak gores you but does no damage.
The eight-headed hydra bites you but does no damage.
The eight-headed hydra bites you!
* * * LOW HITPOINT WARNING * * *
The eight-headed hydra bites you.
You die...

#.#P.P.## #.........# ###...##
####....#.# #...#### ###...##
###+##.## ##.P##
#####...###########..P##
##≈≈≈##..#..#P.#.#......#
##~~~≈≈#..Y##...<...÷....# #
##~~>~≈≈#.°D☼'§...........#
#####~~~~~≈##.FYS#............##
....~~~~~###...Y.#..P..........#
.....~~###......###P#P##..+#.###
......##+#.##.#.# #####....###
##..####..####### ###.#.## #..##
#...## ###.#.#### #.).######..#
##...#..#.####
#...#..####'######........[...#
##...........#..###...........#


You could see 3 death yaks, an eight-headed hydra and a blink frog (fleeing).

Vanquished Creatures
  Gastronok (Lair:2)
  A great orb of eyes (D:15)
  2 rakshasas (D:15)
  A hydra (Lair:3)
  2 boulder beetles
  7 centaur warriors
  3 death yaks (Lair:2)
  A death scarab (Gauntlet)
  3 tengu warriors
  3 two-headed ogres
  A deep elf knight (D:14)
  An obsidian statue (Gauntlet)
  A spectral hydra (Gauntlet)
  4 deep elf pyromancers
  3 orc knights
  Maurice (D:9)
  8 ugly things
  2 oklob plants
  4 cyclopes
  3 manticores
  A wolf spider (D:15)
  3 meliai (D:15)
  Joseph (Lair:1)
  A merfolk siren (Lair:3)
  13 elephants
  3 torpor snails
  2 black mambas
  2 cane toads (Lair:3)
  A gargoyle (D:11)
  3 unseen horrors
  A rime drake (Lair:3)
  2 kobold demonologists (D:9)
  A freezing wraith (D:14)
  4 komodo dragons
  Psyche (D:9)
  3 hornets
  4 trolls
  A tarantella (shapeshifter) (D:15)
  A polar bear (Lair:3)
  Prince Ribbit (D:7)
  6 blink frogs
  4 slime creatures (D:15)
  Sigmund (D:6)
  5 wraiths
  An air elemental (D:15)
  A wyvern (D:9)
  41 yaks
  2 vampires
  17 humans (D:14)
  3 basilisks
  Eustachio (D:4)
  A steam dragon (D:8)
  A warg (D:15)
  9 vampire mosquitoes
  Menkaure (D:4)
  2 acid dragons
  Duvessa (D:4)
  8 water moccasins
  3 orc warriors
  An ice beast (D:6)
  A hornet zombie (D:6)
  5 sky beasts
  2 black bears
  7 wolves
  An ogre (D:6)
  5 centaurs
  A phantom (D:4)
  5 kobold brigands
  13 bullfrogs
  13 scorpions
  Dowan (D:4)
  9 killer bees
  2 howler monkeys
  2 electric eels (D:10)
  3 centaur zombies (D:6)
  2 bullfrog zombies (D:6)
  2 hounds
  4 bombardier beetles
  7 orc priests
  2 gnoll boudas
  13 jellies
  5 iguanas
  A sleepcap (D:5)
  Crazy Yiuf (D:4)
  17 orc wizards
  Robin (D:3)
  A howler monkey zombie (D:6)
  8 gnolls
  9 adders
  3 white imps
  2 ufetubi (D:5)
  A dart slug (D:4)
  4 ribbon worms
  46 orcs
  8 ball pythons
  9 bats
  15 endoplasms
  4 giant cockroaches
  19 goblins
  9 hobgoblins
  7 jackals
  2 quokkas (D:1)
  4 frilled lizards
  26 kobolds
  3 rats (D:1)
515 creatures vanquished.

Vanquished Creatures (collateral kills)
  Louise (D:15)
  A minotaur (Gauntlet)
  The ghost of DaftaChap the Spear-Bearer, a journeyman GnCA of Ignis (Lair:1)
  A killer bee (D:10)
4 creatures vanquished.

Vanquished Creatures (others)
  A killer bee (D:10)
1 creature vanquished.

Grand Total: 520 creatures vanquished

Notes
Turn   | Place    | Note
-------+----------+-------------------------------------------
     0 | D:1      | greenreed the Draconian Shapeshifter began the quest for
                  | the Orb.
     0 | D:1      | Reached XP level 1. HP: 16/16 MP: 1/1
   168 | D:1      | Reached XP level 2. HP: 24/24 MP: 2/2
   271 | D:1      | Reached skill level 2 in Fighting
   299 | D:1      | Reached XP level 3. HP: 29/29 MP: 3/3
   885 | D:2      | Reached XP level 4. HP: 37/37 MP: 4/4
  1391 | D:2      | Reached skill level 3 in Fighting
  1835 | D:3      | Reached XP level 5. HP: 39/45 MP: 5/5
  1893 | D:3      | Noticed Robin
  1940 | D:3      | Killed Robin
  2344 | D:4      | Noticed Menkaure
  2351 | D:4      | Reached XP level 6. HP: 41/52 MP: 6/6
  2398 | D:4      | Killed Menkaure
  2399 | D:4      | Reached skill level 4 in Fighting
  2546 | D:4      | Found Boxteat's Antique Weapon Shop.
  2563 | D:4      | Reached skill level 5 in Unarmed Combat
  2563 | D:4      | Your scales start taking on a golden yellow colour.
  2563 | D:4      | Reached XP level 7. HP: 44/60 MP: 7/7
  2563 | D:4      | Gained mutation: You are resistant to acid. (rCorr) [Yellow
                  | Draconian growth]
  2593 | D:4      | Noticed Eustachio
  2618 | D:4      | Killed Eustachio
  2674 | D:4      | Reached skill level 5 in Fighting
  2850 | D:4      | Noticed Duvessa
  2850 | D:4      | Noticed Dowan
  2860 | D:4      | Killed Duvessa
  2861 | D:4      | Reached skill level 5 in Shapeshifting
  2871 | D:4      | Killed Dowan
  2924 | D:4      | Reached XP level 8. HP: 49/69 MP: 8/8
  2975 | D:4      | Found a runed translucent door.
  2976 | D:4      | Noticed Crazy Yiuf
  2982 | D:4      | Killed Crazy Yiuf
  3000 | D:5      | Entered Level 5 of the Dungeon
  3231 | D:5      | Found a staircase to the Ecumenical Temple.
  3235 | D:5      | Reached skill level 6 in Fighting
  3247 | Temple   | Entered the Ecumenical Temple
  3280 | Temple   | Became a worshipper of Qazlal Stormbringer
  4331 | D:6      | Reached skill level 7 in Fighting
  4360 | D:6      | Reached XP level 9. HP: 78/79 MP: 9/9
  4413 | D:6      | Found a glowing silver altar of Zin.
  4434 | D:6      | Found an opulent altar of Gozag.
  4493 | D:6      | Found Teshraaj's Armour Shop.
  4506 | D:6      | Reached * piety under Qazlal
  4683 | D:6      | Noticed Sigmund
  4693 | D:6      | Killed Sigmund
  4778 | D:6      | Found a basalt altar of Yredelemnul.
  5032 | D:7      | Reached skill level 8 in Fighting
  5076 | D:7      | Reached skill level 5 in Dodging
  5153 | D:7      | Noticed Prince Ribbit
  5164 | D:7      | Killed Prince Ribbit
  5441 | D:8      | Found Lycizeos's General Store.
  5442 | D:8      | Found Zaerit's Assorted Antiques.
  5444 | D:8      | Found Veazyreh's Magic Scroll Emporium.
  5490 | D:8      | Bought a scroll of identify for 28 gold pieces
  5490 | D:8      | Bought a scroll of noise for 14 gold pieces
  5501 | D:8      | Identified a scroll of acquirement
  5504 | D:8      | Acquired 644 gold pieces
  5683 | D:8      | Found Dinec's CLEARANCE SALE!.
  5688 | D:8      | Bought 2 potions of curing for 30 gold pieces
  5796 | D:8      | Reached XP level 10. HP: 90/90 MP: 10/10
  5867 | D:8      | Found Nigam's Jewellery Boutique.
  5872 | D:8      | Bought a ring of see invisible for 195 gold pieces
  5872 | D:8      | Bought a ring of flight for 227 gold pieces
  5926 | D:8      | Reached ** piety under Qazlal
  6133 | D:9      | Reached skill level 9 in Fighting
  6494 | D:9      | Noticed an orange demon
  6495 | D:9      | Reached skill level 1 in Invocations
  6580 | D:9      | Reached *** piety under Qazlal
  6632 | D:9      | Noticed Psyche
  6641 | D:9      | Killed Psyche
  6681 | D:9      | Found Keerif's Weapon Shoppe.
  6825 | D:9      | Found Zuhemy's General Store.
  6901 | D:9      | Noticed Maurice
  6909 | D:9      | Maurice stole a ring of positive energy
  6910 | D:9      | Maurice stole a serpent talisman
  6912 | D:9      | Killed Maurice
  6913 | D:9      | Reached skill level 10 in Fighting
  7272 | D:10     | Entered Level 10 of the Dungeon
  7310 | D:10     | Noticed a two-headed ogre
  7316 | D:10     | Killed a two-headed ogre
  7317 | D:10     | Reached XP level 11. HP: 80/99 MP: 12/12
  7332 | D:10     | Noticed a two-headed ogre
  7347 | D:10     | Killed a two-headed ogre
  7495 | D:10     | Found an iron altar of Okawaru.
  7548 | D:10     | Found a staircase to the Lair.
  7549 | D:10     | Noticed an oklob plant
  8327 | D:10     | Killed an oklob plant
  8328 | D:10     | Reached skill level 10 in Unarmed Combat
  8425 | D:11     | Reached **** piety under Qazlal
  8534 | D:11     | Found a staircase to the Orcish Mines.
  8591 | D:11     | Found a transporter.
  8593 | D:11     | Found a transporter.
  8717 | D:11     | Found a transporter.
  8720 | D:11     | Found a transporter.
  8888 | D:11     | Found a transporter.
  8893 | D:11     | Found a transporter.
  8957 | D:11     | Reached skill level 11 in Fighting
  9250 | D:12     | Noticed a centaur warrior
  9250 | D:12     | Noticed a centaur warrior
  9250 | D:12     | Noticed an eight-headed hydra
  9251 | D:12     | Found a transporter.
  9251 | D:12     | Found a transporter.
  9251 | D:12     | Noticed an obsidian statue
  9251 | D:12     | Noticed a deep elf high priest
  9253 | D:12     | Noticed an ogre mage
  9270 | D:12     | a ribbon worm changed into a shock serpent
  9270 | D:12     | Noticed a shock serpent (glowing shapeshifter)
  9272 | D:12     | a shock serpent changed into an anaconda
  9272 | D:12     | Noticed an anaconda (glowing shapeshifter)
  9274 | D:12     | an anaconda changed into a glass eye
  9328 | D:12     | You fall into a shaft and drop 3 floors!
  9328 | D:15     | Entered Level 15 of the Dungeon
  9360 | D:15     | Noticed a centaur warrior
  9367 | D:15     | Killed a centaur warrior
  9378 | D:15     | Found a broken altar of Ashenzari.
  9392 | D:15     | Noticed a wolf spider
  9398 | D:15     | Killed a wolf spider
  9404 | D:15     | Noticed an orc knight
  9421 | D:15     | Killed an orc knight
  9492 | D:15     | Noticed an orc knight
  9497 | D:15     | Noticed a centaur warrior
  9516 | D:15     | Killed an orc knight
  9517 | D:15     | Reached XP level 12. HP: 47/110 MP: 15/15
  9520 | D:15     | Killed a centaur warrior
  9562 | D:15     | Reached skill level 10 in Shapeshifting
  9599 | D:15     | Found a gate leading to a gauntlet.
  9641 | Gauntlet | Entered a Gauntlet
  9641 | Gauntlet | Found a transporter.
  9641 | Gauntlet | Found a transporter.
  9652 | Gauntlet | Found a transporter.
  9656 | Gauntlet | Found a transporter.
  9664 | Gauntlet | Found a transporter.
  9668 | Gauntlet | Found a transporter.
  9678 | Gauntlet | Found a transporter.
  9696 | Gauntlet | Found a transporter.
  9717 | Gauntlet | Found a transporter.
  9718 | Gauntlet | Found a transporter.
  9722 | Gauntlet | Noticed a death scarab
  9726 | Gauntlet | Found a transporter.
  9730 | Gauntlet | Found a transporter.
  9731 | Gauntlet | Found a runed translucent door.
  9943 | Gauntlet | Reached ***** piety under Qazlal
 10001 | Gauntlet | Killed a death scarab
 10113 | Gauntlet | Reached skill level 5 in Invocations
 10145 | Gauntlet | Identified the ring "Daoriuh" {rPois rC++ Dex+2 Slay+2}
 10168 | Gauntlet | Identified the +7 flail "Feovokem" {flame, ^Drain Int+9
                  | Stlth-}
 10168 | Gauntlet | Identified the ring "Janiom" {rElec Str+6}
 10168 | Gauntlet | Noticed a minotaur
 10172 | Gauntlet | Killed a minotaur
 10196 | Gauntlet | Found the +3 pair of seven-league boots {Rampage+∞}
 10229 | D:15     | Found Poaluz's Distillery.
 10259 | D:14     | Noticed a centaur warrior
 10261 | D:14     | Noticed a centaur warrior
 10263 | D:14     | Noticed a tengu warrior
 10265 | D:14     | Noticed a tengu warrior
 10307 | D:15     | Paralysed by an air elemental for 1 turns
 10325 | D:15     | Reached skill level 12 in Fighting
 10330 | D:15     | Noticed Louise
 10372 | D:14     | Noticed a centaur warrior
 10388 | D:14     | Killed a centaur warrior
 10423 | D:14     | Killed a tengu warrior
 10434 | D:14     | Killed a tengu warrior
 10482 | D:14     | Killed a centaur warrior
 10543 | D:14     | Noticed a boulder beetle
 10554 | D:14     | Killed a boulder beetle
 10683 | D:14     | Killed a centaur warrior
 10684 | D:14     | Reached XP level 13. HP: 94/119 MP: 17/17
 10888 | D:14     | Reached skill level 13 in Fighting
 10969 | D:15     | Killed Louise
 11170 | D:15     | Found a staircase to the Depths.
 11638 | D:14     | Found a gate to the Vaults.
 12543 | D:12     | Identified the ring of Midnight {rC+ Int+3 SInv}
 13121 | D:12     | Noticed a quicksilver ooze
 13130 | D:12     | a quicksilver ooze changed into a black bear
 13190 | Lair:1   | Entered Level 1 of the Lair of Beasts
 13276 | Lair:1   | Found a shimmering blue altar of Sif Muna.
 13353 | Lair:1   | Reached skill level 14 in Fighting
 13362 | Lair:1   | Gained mutation: You have acidic saliva. [Yellow Draconian
                  | growth]
 13362 | Lair:1   | Reached XP level 14. HP: 132/132 MP: 19/19
 13449 | Lair:1   | Found a large runed translucent door.
 13449 | Lair:1   | Found a large runed translucent door.
 13451 | Lair:1   | Noticed DaftaChap's ghost (journeyman GnCA)
 13479 | Lair:1   | Noticed Joseph
 13483 | Lair:1   | Killed Joseph
 13519 | Lair:1   | Killed DaftaChap's ghost
 13550 | Lair:1   | Identified the +3 dire flail "Worm's Wrath" {drain, rC+
                  | rN++ Int+3 Stlth-}
 14243 | Lair:2   | Noticed Gastronok
 14259 | Lair:2   | Killed Gastronok
 14854 | Lair:3   | Found a hole to the Spider Nest.
 14915 | Lair:3   | Found a staircase to the Shoals.
 15824 | Lair:3   | Reached ****** piety under Qazlal
 15949 | Lair:3   | HP: 6/159 [eight-headed hydra (13)]
 15949 | Lair:3   | Slain by an eight-headed hydra

Illustrated notes

Levels and vault maps discovered:
D:1:      lemuel_arrival_cross, layout_basic, roderic_lattice_a,
          hangedman_feature_mirror
D:2:      layout_basic
D:3:      layout_loops_cross, uniq_robin
D:4:      dreamdust_elfheim, layout_rooms, serial_shops, shop, uniq_menkaure,
          uniq_crazy_yiuf_cottage, uniq_eustachio, uniq_duvessa
D:5:      layout_layer_cave, minmay_temple_entry_sparse_star,
          serial_bayou_ford_a, roderic_serpentine_path, grunt_decor_resistance,
          hangedman_decor_opposing
D:6:      layout_rooms, pdpol_temple_overflow_zin_treasury_gozag_greed,
          nicolae_yredelemnul_corpse_copse, serial_shops, shop,
          kennysheep_generic_room_9, uniq_sigmund
D:7:      layout_basic, uniq_prince_ribbit1
D:8:      nicolae_cairo_tiling_large, layout_cave_pools, serial_shops,
          nicolae_shop_just_a_little_nook, nicolae_shop_distant_corner_stores,
          st_stairs_7, nicolae_shop_clearance
D:9:      layout_basic, serial_shops, kennysheep_mini_moat,
          nicolae_shop_back_alley_shop, abandoned_shop,
          minmay_misc_feat_ornament, uniq_maurice, uniq_psyche
D:10:     layout_basic, marbit_many_paths, dpeg_oklobed_lair, hex_tiny
D:11:     layout_loops_ring, hiddenorc2_lemuel, nicolae_sextant, abandoned_shop,
          serial_nicolae_subway, nicolae_sub_station_crystal,
          nicolae_sub_station_metal, nicolae_sub_station_stone
D:12:     gammafunk_sealed_arena, layout_loops_ring
D:13:     layout_cross
D:14:     layout_roguey, david_vaults_3, serial_park_square2, grunt_livestock
D:15:     gammafunk_enter_depths_forms, layout_small_grid,
          gauntlet_entry_generic, serial_shops, shop_statue,
          evilmike_ruin_ashenzari, minmay_hedge_maze, dreamdust_looks_like_rain,
          uniq_louise
Temple:   dpeg_five_rooms_temple
Lair:1:   layout_loops_ring, ebering_ghost_disaster_area, basic_altar,
          nicolae_lair_grove_arrangements, patterned_corridor, uniq_joseph
Lair:2:   layout_regular_city, uniq_gastronok
Lair:3:   layout_roguey, minmay_shoals_entry_lonely_mermaid,
          nicolae_spider_entry_non_spiders
Lair:4:   layout_small_grid, minmay_slime_entry_jelly_boxes,
          chequers_serial_rivers_marsh

Skill      XL: |  1  2  3  4  5  6  7  8  9 10 11 12 13 14 |
---------------+-------------------------------------------+-----
Dodging        | 2 3 4 5 6 7 8 9 |  9.3
Fighting       | 2 3 4 5 7 8 10 11 12 14 | 14.9
Unarmed Combat | 4 5 7 8 9 10 12 13 | 13.9
Shapeshifting  | 4 5 6 7 8 9 11 12 | 12.8
Invocations    | 2 4 6 7 8 |  8.3

Action                     |  1- 3 |  4- 6 |  7- 9 | 10-12 | 13-15 || total
---------------------------+-------+-------+-------+-------+-------++-------
  Melee: Unarmed           |    87 |   172 |   328 |   463 |   464 ||  1514
         Tailslap          |    10 |    19 |    53 |    12 |       ||    94
         Punch             |     1 |     5 |    21 |     4 |       ||    31
         Constrict         |       |       |       |    81 |    92 ||   173
 Invoke: Upheaval          |       |       |       |     3 |       ||     3
         Elemental Force   |       |       |       |       |     2 ||     2
Ability: Breathe Acid      |       |       |    10 |     2 |       ||    12
         Begin Untransform |       |       |       |     1 |       ||     1
  Evoke: Wand              |       |       |       |     3 |       ||     3
         Phantom mirror    |       |       |       |     1 |     1 ||     2
    Use: Scroll            |       |       |    14 |     3 |     9 ||    26
         Potion            |       |       |       |     6 |     1 ||     7
   Stab: Sleeping          |       |     1 |       |       |       ||     1
 Armour: Skin              |    33 |    60 |   158 |   318 |   319 ||   888
  Dodge: Dodged            |    50 |   118 |   253 |   209 |   242 ||   872
         Repelled          |       |       |       |     2 |     6 ||     8
  Block: Other             |       |       |     4 |    90 |   104 ||   198
   Form: Serpent           |       |       |       |     2 |       ||     2
                           |       |       |       |     1 |       ||     1
         Beast             |       |       |       |     1 |       ||     1

Table legend: (Time is in decaauts)
 A = Elapsed time spent in this place.
 B = Non-inter-level travel time spent in this place.
 C = Inter-level travel time spent in this place.
 D = Time resting spent in this place.
 E = Time spent auto-exploring this place.
 F = Levels seen in this place.
 G = Mean time per level.
                   A        B        C        D        E       F      G
               +--------+--------+--------+--------+--------+-----+--------+
         Total |  15714 |  14882 |    832 |    618 |  11005 |  21 |  748.3 |
       Dungeon |  12369 |  11760 |    609 |    404 |   8857 |  15 |  824.6 |
        Temple |     64 |      3 |     61 |      0 |      0 |   1 |   64.0 |
          Lair |   2703 |   2541 |    162 |    149 |   1968 |   4 |  675.8 |
      Gauntlet |    575 |    575 |      0 |     65 |    180 |   1 |  575.0 |
               +--------+--------+--------+--------+--------+-----+--------+

Top non-repeatable levels by time:
     D:5: 1187 daAuts
     D:9: 1173 daAuts
    D:10: 1118 daAuts
    D:15: 1066 daAuts
  Lair:3: 1019 daAuts
    D:11: 877 daAuts
     D:2: 853 daAuts
  Lair:1: 851 daAuts
     D:1: 824 daAuts
  Lair:2: 772 daAuts
    D:14: 766 daAuts
    D:12: 725 daAuts
     D:3: 670 daAuts
    D:13: 665 daAuts
     D:7: 636 daAuts
